 Dungeon Crawl Stone Soup version 0.25.1-1-g288607f5aa (webtiles) character file.

Game seed: 15586655018482011549

3280 H0rd4k the Sneak (level 10, -6/63 HPs)
             Began as an Octopode Transmuter on July 20, 2020.
             Was an Initiate of Gozag.
             Mangled by a gnoll sergeant
             ... wielding a +1 trident of protection
              (14 damage)
             ... on level 9 of the Dungeon.
             The game lasted 00:24:53 (12405 turns).

H0rd4k the Sneak (Octopode Transmuter)             Turns: 12405, Time: 00:24:54

Health: -6/63      AC:  1    Str:  9    XL:     10   Next: 0%
Magic:  18/18      EV: 15    Int: 19    God:    Gozag
Gold:   746        SH:  0    Dex: 13    Spells: 6/20 levels left

rFire    . . .     SeeInvis .     - Unarmed
rCold    . . .     Gourm    .   (no shield)
rNeg     . . .     Faith    .   (helmet restricted)
rPois    .         Spirit   .   w - amulet of magic regeneration
rElec    .         Reflect  .   (no ring)
rCorr    .         Harm     .   (no ring)
MR       .....                  (no ring)
Stlth    ++++......             (no ring)
HPRegen  0.20/turn              (no ring)
MPRegen  0.41/turn              (no ring)
                                (no ring)
                                (no ring)

@: appendage, gold aura, lightly drained
A: almost no armour, stealthy swim, amphibious, 8 rings, constrict 8, tentacle
spike 3, camouflage 1, gelatinous body 1
a: End Transformation, Potion Petition, Call Merchant, Bribe Branch, Renounce
Religion


You were on level 9 of the Dungeon.
You worshipped Gozag.
Gozag was pleased with you.
You were not hungry.
One of your tentacles had a temporary spike.
You visited 1 branch of the dungeon, and saw 9 of its levels.
You also visited: Sewer.

You collected 1145 gold pieces.
You spent 252 gold pieces at shops.
You paid 147 gold pieces to Gozag.

Inventory:

Hand Weapons
 F - a +0 hunting sling of flaming
Missiles
 a - 160 arrows
 b - 7 atropa-tipped darts
 m - a silver javelin (quivered)
 x - 19 poisoned darts
Magical Staves
 u - an uncursed staff of poison
 C - an uncursed staff of cold
Jewellery
 w - an amulet of magic regeneration (around mantle)
Wands
 k - a wand of random effects (31)
 p - a wand of flame (17)
 v - a wand of clouds (11)
 D - a wand of disintegration (14)
 E - a wand of acid (5)
Scrolls
 e - 5 scrolls of enchant armour
 h - a scroll of magic mapping
 i - 3 scrolls of teleportation
 j - 3 scrolls of remove curse
 l - a scroll of enchant weapon {unknown}
 r - a scroll of fear {unknown}
 y - 2 scrolls of fog {unknown}
 G - 2 scrolls of amnesia {unknown}
Potions
 f - a potion of curing
 n - a potion of degeneration {unknown}
 o - 2 potions of flight
 q - a potion of invisibility
 s - a potion of mutation {unknown}
 z - 2 potions of haste
 A - a potion of magic {unknown}
 B - a potion of might {unknown}
Comestibles
 c - 7 rations


   Skills:
 + Level 3.8(3.7) Fighting
   Level 1.7(1.6) Short Blades
 + Level 1.0 Throwing
 + Level 5.1 Dodging
 + Level 7.1 Stealth
 + Level 6.3(6.2) Unarmed Combat
 * Level 5.9(5.8) Spellcasting
 + Level 2.6(2.5) Hexes
 * Level 6.2 Transmutations
 + Level 0.1 Poison Magic
 + Level 2.0 Evocations


You had 6 spell levels left.
You knew the following spells:

 Your Spells              Type           Power        Failure   Level  Hunger
a - Beastly Appendage     Tmut           ####..       1%          1    None
b - Sticks to Snakes      Tmut           ####....     1%          2    None
c - Spider Form           Tmut/Pois      ###.......   10%         3    ##.....
d - Confusing Touch       Hex            ###.....     12%         3    ##.....
e - Blade Hands           Tmut           ####......   24%         5    #####..

Your spell library contained the following spells:

 Spells                   Type           Power        Failure   Level  Hunger
 Corona                   Hex            ###....      4%          1    None
 Passwall                 Tmut/Erth      ###.....     4%          2    None
 Ensorcelled Hibernation  Hex/Ice        ##....       11%         2    None
 Sandblast                Erth           #.....       12%         1    None
 Tukima's Dance           Hex            ###.....     12%         3    ##.....
 Dazzling Flash           Conj/Hex       ##....       21%         3    ##.....
 Ice Form                 Ice/Tmut       ###.....     32%         4    ####...
 Petrify                  Tmut/Erth      ###.....     32%         4    ####...
 Stone Arrow              Conj/Erth      #.....       34%         3    ##.....
 Lee's Rapid Deconstruct  Erth           #.........   97%         5    #####..


Dungeon Overview and Level Annotations

Branches:
Dungeon (9/15)             Temple (0/1) D:7           Sewer (visited)
   Lair: D:8-11         Orc: D:9-12

Altars:
Ashenzari
Cheibriados
Dithmenos
Gozag
Hepliaklqana
Kikubaaqudgha
Qazlal
Sif Muna
Zin
The Shining One

Shops:
D:4 (

Annotations:
D:3 1 runed translucent door, wojtek's ghost, amateur DsGl
D:4 exclusion: downstairs
D:5 2 transporters
D:7 exclusion: orc warrior
D:8 exclusion: downstairs, Harold; Joseph


Innate Abilities, Weirdness & Mutations

You cannot wear most types of armour.
You are very stealthy in the water. (Stealth+)
You are amphibious.
You can wear up to eight rings at the same time.
You can use your tentacles to constrict eight enemies at once.
Your skin changes colour to match your surroundings (Stealth+).
Your rubbery body absorbs attacks. (AC +1, EV +1)
One of your tentacles bears a large vicious spike.


Message History

The gnoll sergeant is no longer distracted by gold.
You pierce the gnoll sergeant, but do no damage.
The gnoll sergeant is moderately wounded.
You constrict the gnoll sergeant. The gnoll sergeant barely misses you.
The gnoll sergeant blocks your attack.
You squeeze the gnoll sergeant, but do no damage.
The gnoll sergeant is heavily wounded.
You constrict the gnoll sergeant, but do no damage.
The gnoll sergeant becomes distracted by the nearby gold, dreaming of imaginary riches.
You tentacle-slap the gnoll sergeant but do no damage.
The gnoll sergeant is no longer distracted by gold.
You pierce the gnoll sergeant.
The gnoll sergeant is heavily wounded.
You constrict the gnoll sergeant, but do no damage.
The gnoll sergeant hits you with a +1 trident of protection!
* * * LOW HITPOINT WARNING * * *
You feel better.
You constrict the gnoll sergeant.
The gnoll sergeant hits you with a +1 trident of protection!
You die...
Your body crumbles into a pile of gold.

....... ................# ..#
y...............# ...#
................########...#
................#......(...+
.....o...$......#........$.#
................#....(.....#
........?.......#$.........+
...............(@$...#######.
...........####g####.........
...........##.....##.........
.........".#.......#.......#
...........#.......#...#####
..............._...........#
##.....###.#.......#.......#
#.........#.......#...#...#
#.........##.....##...#####.


You could see a gnoll sergeant.

Vanquished Creatures
  Prince Ribbit (D:7)
  Sigmund (D:4)
  Menkaure (D:4)
  An orc warrior (D:7)
  An ogre (D:9)
  2 phantoms (D:6)
  A necrophage (D:8)
  A crocodile (Sewer)
  3 bullfrogs
  A water moccasin skeleton (D:5)
  A scorpion (D:4)
  5 killer bees (D:9)
  2 howler monkeys (D:9)
  12 wights
  2 jellies
  5 crimson imps
  A centaur zombie (D:8)
  A bullfrog zombie (D:6)
  A quasit (D:7)
  An iron imp (D:7)
  A bullfrog skeleton (D:7)
  4 hounds
  2 orc priests
  A centaur skeleton (D:4)
  A gnoll shaman (D:6)
  3 orc wizards
  3 iguanas
  4 worker ants
  A hound zombie (D:3)
  13 gnolls
  5 adders
  2 shadow imps
  An ooze (D:4)
  2 adder skeletons
  3 worms
  3 dart slugs (D:1)
  3 leopard geckos
  11 orcs
  7 bats
  7 giant cockroaches
  4 goblins
  9 hobgoblins
  9 jackals
  8 kobolds
  3 quokkas
  2 ball pythons
  5 frilled lizards
  A giant cockroach zombie (D:5)
  A quokka zombie (D:8)
  9 rats
172 creatures vanquished.

Notes
Turn   | Place    | Note
-------+----------+-------------------------------------------
     0 | D:1      | H0rd4k the Octopode Transmuter began the quest for the Orb.
     0 | D:1      | Reached XP level 1. HP: 13/13 MP: 3/3
   316 | D:1      | Reached XP level 2. HP: 18/18 MP: 5/5
   761 | D:1      | Reached skill level 1 in Stealth
   866 | D:1      | Reached XP level 3. HP: 23/23 MP: 6/6
  1708 | D:2      | Noticed a bullfrog
  1716 | D:2      | Killed a bullfrog
  1716 | D:2      | Reached skill level 2 in Stealth
  1716 | D:2      | Reached XP level 4. HP: 17/28 MP: 5/7
  2005 | D:2      | Reached XP level 5. HP: 33/33 MP: 8/8
  2398 | D:3      | Found a runed translucent door.
  2398 | D:3      | Noticed wojtek's ghost (amateur DsGl)
  2499 | D:3      | Found a glowing silver altar of Zin.
  2616 | D:3      | Found a glowing drain.
  2620 | Sewer    | Entered a sewer
  2740 | Sewer    | Noticed a crocodile
  2743 | Sewer    | Killed a crocodile
  2743 | Sewer    | Reached skill level 3 in Stealth
  2743 | Sewer    | Reached XP level 6. HP: 38/38 MP: 10/10
  2747 | Sewer    | Learned a level 2 spell: Sticks to Snakes
  2751 | Sewer    | Learned a level 3 spell: Spider Form
  2764 | Sewer    | Learned a level 3 spell: Confusing Touch
  3576 | D:4      | Found Asihi's Antique Weapon Shoppe.
  3856 | D:4      | Noticed Menkaure
  3866 | D:4      | Killed Menkaure
  3866 | D:4      | Reached skill level 1 in Hexes
  4104 | D:4      | Noticed Sigmund
  4116 | D:4      | Killed Sigmund
  4116 | D:4      | Reached skill level 4 in Stealth
  4116 | D:4      | Reached skill level 5 in Unarmed Combat
  4116 | D:4      | Reached XP level 7. HP: 42/43 MP: 11/11
  4482 | D:4      | Reached skill level 1 in Evocations
  4688 | D:5      | Entered Level 5 of the Dungeon
  4703 | D:5      | Found a transporter.
  4706 | D:5      | Noticed a yak
  4707 | D:5      | Noticed a wyvern
  4715 | D:5      | Found a transporter.
  4725 | D:5      | Found a shimmering blue altar of Sif Muna.
  4727 | D:5      | Noticed a gargoyle
  4894 | D:5      | Found a glowing golden altar of the Shining One.
  4900 | D:5      | Found a stormy altar of Qazlal.
  4902 | D:5      | Found an ancient bone altar of Kikubaaqudgha.
  5329 | D:5      | Reached XP level 8. HP: 50/50 MP: 11/13
  5366 | D:5      | Found a hazy altar of Hepliaklqana.
  5457 | D:5      | Found an opulent altar of Gozag.
  5668 | D:5      | Became a worshipper of Gozag Ym Sagoz the Greedy
  5958 | D:4      | Bought a glimmering rapier for 252 gold pieces
  5958 | D:4      | Identified the cursed +3 rapier "Zugymor" {venom, Fragile
                  | rPois Dex+6} (You bought it in a shop on level 4 of the
                  | Dungeon)
  6053 | D:6      | HP: 1/50 [acid (10)]
  6064 | D:6      | Reached skill level 5 in Stealth
  6712 | D:6      | Reached skill level 6 in Stealth
  6834 | D:6      | Reached skill level 1 in Short Blades
  7072 | D:6      | Found a shadowy altar of Dithmenos.
  7814 | D:7      | Found a staircase to the Ecumenical Temple.
  7948 | D:7      | Noticed Prince Ribbit
  7954 | D:7      | Killed Prince Ribbit
  7954 | D:7      | Reached skill level 5 in Transmutations
  7954 | D:7      | Reached XP level 9. HP: 22/56 MP: 14/16
  8192 | D:7      | Found a snail-covered altar of Cheibriados.
  8256 | D:7      | Reached skill level 5 in Spellcasting
  8343 | D:7      | Learned a level 5 spell: Blade Hands
  9213 | D:8      | Noticed Joseph
  9308 | D:8      | Noticed Harold
  9977 | D:8      | Reached skill level 1 in Throwing
 11072 | D:9      | Found a shattered altar of Ashenzari.
 11668 | D:9      | Reached skill level 7 in Stealth
 11683 | D:9      | Reached skill level 5 in Dodging
 12334 | D:9      | Reached XP level 10. HP: 55/63 MP: 18/18
 12404 | D:9      | HP: 1/63 [gnoll sergeant/+1 trident of protection (15)]
 12405 | D:9      | Mangled by a gnoll sergeant

Illustrated notes

Levels and vault maps discovered:
D:1:      heliophobic_arrival_ceremonial_halls, layout_basic
D:2:      layout_loops_ring, minmay_tripent
D:3:      layout_basic, lemuel_doored_altar, first_ration,
          gammafunk_ghost_grave, gup_sewer_entry_bowl
D:4:      layout_loops_corners, serial_shops, shop_coins, uniq_sigmund,
          uniq_menkaure
D:5:      layout_rooms, kennysheep_mini, gammafunk_temple_overflow_arena,
          nicolae_overflow_quartered_altars, kennysheep_nub
D:6:      layout_basic, grunt_dithmenos_shadows
D:7:      layout_basic, slow_altar_2, minmay_temple_entry_crystal_x,
          uniq_prince_ribbit1
D:8:      layout_gridville, serial_undead, serial_undead_f, serial_undead_a,
          serial_undead_c, serial_undead_f, uniq_harold, uniq_joseph
D:9:      layout_grid_maze, old_standard_altar

Skill      XL: |  1  2  3  4  5  6  7  8  9 |
---------------+----------------------------+-----
Stealth        | 1 2 3 4 6 7 |  7.1
Unarmed Combat | 4 5 6 |  6.3
Transmutations | 3 5 6 |  6.2
Spellcasting   | 3 4 5 |  5.9
Hexes          | 1 2 |  2.6
Dodging        | 3 5 |  5.1
Evocations     | 1 2 |  2.0
Fighting       | 3 |  3.8
Short Blades   | 1 |  1.7
Throwing       | 1 |  1.0
Poison Magic   | |  0.1

Action                   |  1- 3 |  4- 6 |  7- 9 | 10-12 || total
-------------------------+-------+-------+-------+-------++-------
Melee: Unarmed           |    71 |   102 |   239 |     9 ||   421
       Constrict         |    24 |    26 |    70 |     3 ||   123
       Tentacles         |     7 |    12 |    72 |     1 ||    92
       Kick              |     2 |    17 |    89 |     3 ||   111
       Punch             |       |     5 |    15 |     1 ||    21
       Rapier            |       |       |    87 |       ||    87
Throw: Javelin           |       |     1 |     5 |     6 ||    12
       Dart              |       |       |     4 |       ||     4
 Cast: Beastly Appendage |     1 |    11 |    52 |     1 ||    65
       Sticks to Snakes  |       |       |     7 |       ||     7
       Spider Form       |       |       |     2 |       ||     2
Evoke: Wand              |       |     8 |    17 |     1 ||    26
  Use: Scroll            |       |       |    11 |       ||    11
       Potion            |       |       |     8 |     1 ||     9
 Stab: Sleeping          |     9 |     7 |    13 |       ||    29
       Distracted        |       |       |     2 |       ||     2
       Invisible         |       |       |     3 |       ||     3
  Eat: Chunk             |     2 |     6 |     3 |       ||    11
       Ration            |       |     1 |     7 |       ||     8
Armor: Skin              |     9 |     1 |     6 |     1 ||    17
Dodge: Dodged            |    42 |    74 |   186 |     8 ||   310
